 Dungeon Crawl Stone Soup version 0.30-a0-1082-g70414cbcbb (webtiles) character file.

Game seed: 13162092723358316873

95406 Chudface the Imperceptible (level 16, 0/104 HPs)
             Began as a Kobold Brigand on Apr 13, 2023.
             Was the Champion of Wu Jian.
             Slain by a hell beast (13 damage)
             ... on level 1 of the Depths on Apr 15, 2023.
             The game lasted 02:35:06 (22163 turns).

Chudface the Imperceptible (Kobold Brigand)        Turns: 22163, Time: 02:35:06

Health: 0/104      AC:  9    Str:  9    XL:     16   Next: 63%
Magic:  19/19      EV: 24    Int: 17    God:    Wu Jian [******]
Gold:   1509       SH: 15    Dex: 22    Spells: 15/19 levels left

rFire   + + .      SeeInvis .    a - +9 quick blade (elec)
rCold   . . .      Faith    .    H - +2 kite shield {rF+}
rNeg    . . .      Spirit   .    R - +0 steam dragon scales
rPois   .          Reflect  .    j - +0 helmet {Int+3}
rElec   .          Rampage  .    B - scarf of the Furies {shadows, rF+ Stlth+}
rCorr   +                        q - +0 pair of gloves
Will    ++...                    l - +0 pair of boots Stlth *+++++++++
                                 i - amulet of regeneration
HPRegen 1.17/turn                U - ring of Qazlal's Pride {rCorr Slay+5}
MPRegen 0.16/turn                v - ring of willpower

@: studying Polearms
A: small, no large weapons, nightstalker 3
a: Renounce Religion, Wall Jump, Serpent's Lash, Heavenly Storm


You were on level 1 of the Depths.
You worshipped Wu Jian.
Wu Jian was exalted by your worship.
You visited 7 branches of the dungeon, and saw 27 of its levels.
You also visited: Gauntlet.

You collected 3466 gold pieces.
You spent 1957 gold pieces at shops.

Inventory:

Hand Weapons
 a - a +9 quick blade of electrocution (weapon)
 b - a +9 dagger of venom
Missiles
 d - 69 poisoned darts (quivered)
 e - 2 curare-tipped darts
 z - 10 boomerangs
 D - 2 boomerangs of dispersal
Armour
 j - a +0 helmet of intelligence (worn)
 l - a +0 pair of boots (worn)
 q - a +0 pair of gloves (worn)
 B - the scarf of the Furies (worn) {shadows, rF+ Stlth+}
   (You bought it in a shop on level 2 of the Orcish Mines)

   rF:        It protects you from fire.
   Stlth:     It makes you more stealthy.
 H - a +2 kite shield of fire resistance (worn)
 R - +0 steam dragon scales (worn)
Jewellery
 g - a ring of poison resistance
 i - an amulet of regeneration (around neck)
 v - a ring of willpower (right hand)
 x - a +6 ring of intelligence
 J - a ring of resist corrosion
 Q - a ring of see invisible
 U - the ring of Qazlal's Pride (left hand) {rCorr Slay+5}
   (You bought it in a shop on level 6 of the Dungeon)

   [ring of resist corrosion]

   Slay:      It affects your accuracy & damage with ranged weapons and melee
   (+5).
   rCorr:     It protects you from acid and corrosion.
Wands
 s - a wand of flame (35)
 G - a wand of quicksilver (7)
 M - a wand of digging (12)
 O - a wand of iceblast (17)
 W - a wand of paralysis (25)
 X - a wand of mindburst (12)
Scrolls
 c - 4 scrolls of immolation
 m - 4 scrolls of fog
 n - 7 scrolls of teleportation
 o - 7 scrolls of enchant armour
 p - 5 scrolls of fear
 y - a scroll of magic mapping
 A - 4 scrolls of blinking
 E - 3 scrolls of silence
 F - 4 scrolls of vulnerability
 L - 2 scrolls of amnesia
 T - a scroll of butterflies
 V - 2 scrolls of torment
Potions
 f - 3 potions of cancellation
 h - 11 potions of curing
 k - 4 potions of berserk rage
 r - 2 potions of ambrosia
 t - 3 potions of mutation
 u - 6 potions of heal wounds
 C - 2 potions of might
 I - 4 potions of flight
 K - 2 potions of resistance
 N - 3 potions of lignification
 P - 2 potions of magic
 S - 4 potions of attraction
 Y - 3 potions of invisibility
 Z - 3 potions of brilliance


   Skills:
 + Level 13.1 Fighting
 - Level 10.0 Short Blades
 - Level 3.0 Throwing
 - Level 3.0 Armour
 + Level 13.6 Dodging
 + Level 22.9 Stealth
 - Level 10.0 Shields
 - Level 2.0 Spellcasting
 - Level 3.0 Translocations
 + Level 9.8 Evocations


You had 15 spell levels left.
You knew the following spells:

 Your Spells              Type           Power      Damage    Failure   Level
a - Teleport Other        Tloc           11%        N/A       47%         3
b - Apportation           Tloc           22%        N/A       19%         1

Your spell library contained the following spells:

 Spells                   Type           Power      Damage    Failure   Level
 Gell's Gravitas          Tloc           11%        N/A       47%         3
 Freeze                   Ice            4%         1d3       52%         1
 Kiss of Death            Conj/Necr      4%         2d5       52%         1
 Magic Dart               Conj           4%         1d3       52%         1
 Slow                     Hex            4%         N/A       52%         1
 Call Imp                 Summ           2%         N/A       67%         2
 Cigotuvi's Dreadful Rot  Necr/Pois/Air  2%         N/A       67%         2
 Poisonous Vapours        Pois/Air       2%         N/A       67%         2
 Vhi's Electric Charge    Tloc/Air       12%        N/A       69%         3
 Passage of Golubria      Tloc           11%        N/A       87%         4
 Confusing Touch          Hex            1%         N/A       88%         3
 Frozen Ramparts          Ice            2%         1d1       88%         3
 Hailstorm                Conj/Ice       1%         3d3       88%         3
 Mephitic Cloud           Conj/Pois/Air  1%         N/A       88%         3
 Ozocubu's Armour         Ice            1%         N/A       88%         3
 Stone Arrow              Conj/Erth      2%         3d7       88%         3
 Tukima's Dance           Hex            1%         N/A       88%         3
 Vampiric Draining        Necr           1%         2d6       88%         3
 Animate Armour           Summ/Erth      2%         N/A       99%         4
 Dispel Undead            Necr           1%         3d6       99%         4
 Olgreb's Toxic Radiance  Pois           1%         N/A       99%         4
 Petrify                  Tmut/Erth      1%         N/A       99%         4
 Summon Ice Beast         Ice/Summ       1%         N/A       99%         4
 Alistair's Intoxication  Tmut/Pois      0%         N/A       100%        5
 Arcjolt                  Conj/Air       0%         1d10      100%        5
 Blade Hands              Tmut           0%         N/A       100%        5
 Summon Mana Viper        Hex/Summ       1%         N/A       100%        5
 Yara's Violent Unravell  Hex/Tmut       0%         3d3       100%        5
 Death Channel            Necr           0%         N/A       100%        6
 Dispersal                Tloc           5%         N/A       100%        6
 Iron Shot                Conj/Erth      0%         9d1       100%        6
 Plasma Beam              Fire/Air       0%         2x1d11    100%        6
 Dragon Form              Tmut           0%         N/A       100%        7
 Monstrous Menagerie      Summ           0%         N/A       100%        7
 Ozocubu's Refrigeration  Ice            0%         4d7       100%        7
 Discord                  Hex            0%         N/A       100%        8
 Ignition                 Fire           0%         3d3       100%        8
 Lehudib's Crystal Spear  Conj/Erth      0%         10d2      100%        8
 Chain Lightning          Conj/Air       0%         2d1       100%        9
 Fire Storm               Conj/Fire      0%         6d1       100%        9
 Shatter                  Erth           0%         3d5*      100%        9


Dungeon Overview and Level Annotations

Branches:
Dungeon (15/15)            Temple (1/1) D:6            Lair (5/5) D:11
  Snake (1/4) Lair:3        Slime (0/5) Lair:5          Orc (2/2) D:9
    Elf (1/3) Orc:2        Vaults (0/5) D:14         Depths (2/4) D:15
Gauntlet (visited)
  Swamp: Lair:2-3    Shoals: Lair:2-3

Altars:
Ashenzari
Cheibriados
Dithmenos
Elyvilon
Fedhas
Gozag
Hepliaklqana
Kikubaaqudgha
Makhleb
Nemelex Xobeh
Okawaru
Qazlal
Ru
Sif Muna
Trog
Uskayaw
Vehumet
Wu Jian
Xom
Yredelemnul
Zin
The Shining One
Jiyva

Shops:
D:6 =   D:8 [=   Orc:1 !   Orc:2 [:!(   Depths:1 (

Portals:
Hell: Lair:5

Annotations:
D:9 2 transporters
D:11 3 runed translucent doors


Innate Abilities, Weirdness & Mutations

You are small and have problems with some larger weapons.
You are completely attuned to the shadows.


Message History

You hit the fire giant but do no damage.
Lightning courses through the fire giant!!
The fire giant is severely wounded.
The fire giant hits you with a +2 great sword of flaming!!!
The fire giant burns you. The hell beast bites you.
You block the hell beast's attack.
You puncture the fire giant!
The fire giant is almost dead.
You hit the fire giant.
The fire giant is almost dead.
You block the hell beast's attack. x2
The fire giant hits you with a +2 great sword of flaming!
* * * LOW HITPOINT WARNING * * *
The fire giant burns you.
* * * LOW HITPOINT WARNING * * *
You hit the fire giant.
The fire giant is almost dead.
The hell beast misses you. The hell beast tramples you!
* * * LOW HITPOINT WARNING * * *
You hold your ground!
You puncture the fire giant!
Lightning courses through the fire giant!
You kill the fire giant!
The Council accepts your kill.
You hit the hell beast but do no damage.
The hell beast closely misses you. You block the hell beast's attack.
You closely miss the hell beast. You block the hell beast's attack.
The hell beast tramples you.
* * * LOW HITPOINT WARNING * * *
You stumble backwards!
You closely miss the hell beast. You hit the hell beast.
Lightning courses through the hell beast!!
The hell beast is moderately wounded.
The hell beast misses you. You block the hell beast's attack.
You hit the hell beast.
Lightning courses through the hell beast!!
The hell beast is heavily wounded.
You block the hell beast's attack. The hell beast tramples you!
You die...

.. #####'#. #.#
#........ ###.##
#........
##....####.......#
.........'......###
##.#######......#.##
##'###########'.#..##
#....∩....# #..#...#
#.........# #..@2).'
#....###'## ....#...#
#....##...# ##..#..##
#....##.#.# #..#.##
#######.#.# #.#.#
##.#.## ##..#..##
##..###..##


You could see a hell beast.

Vanquished Creatures
  Jorgrun (D:14)
  A quicksilver dragon (Depths:1)
  2 fire giants
  A balrug (Depths:1)
  A quicksilver ooze (Gauntlet)
  A minotaur (Gauntlet)
  A dire elephant (Lair:5)
  An ettin (Orc:1)
  Fannar (Orc:1)
  7 hydras
  4 ogre magi
  2 catoblepae
  3 boulder beetles
  7 two-headed ogres
  A tengu warrior (D:14)
  8 centaur warriors
  Urug (Orc:2)
  An orc high priest (Orc:2)
  Nergalle (D:11)
  A sun demon (Lair:5)
  4 skysharks
  8 skeletal warriors
  A salamander mystic (Lair:3)
  A wizard (Lair:5)
  A deep elf pyromancer (D:15)
  7 cyclopes
  8 orc sorcerers (Orc:2)
  26 ugly things
  3 manticores
  Maurice (D:11)
  4 black mambas
  7 elephants
  An orange demon (Lair:5)
  An unseen horror (D:12)
  A kobold demonologist (D:9)
  15 cane toads
  6 rime drakes
  7 komodo dragons
  Psyche (D:11)
  An efreet (D:13)
  5 ice devils (Lair:5)
  5 trolls
  A hellwing (Lair:5)
  2 hornets
  4 polar bears
  A wolf spider simulacrum (D:14)
  Grinder (D:3)
  A blink frog (shapeshifter) (D:13)
  14 blink frogs
  18 slime creatures
  4 shadows
  A jumping spider (shapeshifter) (D:14)
  A vampire (D:8)
  2 wyverns
  2 wraiths
  3 basilisks
  24 yaks
  3 steam dragons
  4 vampire mosquitoes (D:14)
  Eustachio (D:4)
  3 wargs
  6 swamp worms
  4 acid dragons
  3 nagas (Lair:3)
  7 water moccasins
  4 hell hounds (Lair:5)
  16 orc warriors
  3 black bears
  4 ice beasts
  16 wolves
  9 centaurs
  7 ogres
  A phantom (D:7)
  3 kobold brigands
  3 gnoll sergeants
  8 bullfrogs
  A scorpion (D:5)
  10 wights
  5 killer bees (D:11)
  7 howler monkeys
  An electric eel (D:12)
  6 hounds
  15 orc priests
  4 jellies
  A gnoll bouda (Orc:1)
  4 iguanas
  Ijyb (D:3)
  35 orc wizards
  7 hell rats (Lair:5)
  14 gnolls
  5 adders
  3 white imps
  3 ufetubi
  3 worms
  82 orcs
  8 bats
  6 endoplasms
  3 giant cockroaches
  17 goblins
  6 hobgoblins
  24 kobolds
  5 quokkas
  A ball python (D:1)
  A frilled lizard (D:1)
  3 rats
625 creatures vanquished.

Vanquished Creatures (others)
  4 demonic plants (Gauntlet)
  13 fungi
  10 plants
27 creatures vanquished.

Grand Total: 652 creatures vanquished

Notes
Turn   | Place    | Note
-------+----------+-------------------------------------------
     0 | D:1      | Chudface the Kobold Brigand began the quest for the Orb.
     0 | D:1      | Reached XP level 1. HP: 12/12 MP: 1/1
   131 | D:1      | Reached XP level 2. HP: 18/18 MP: 2/2
   496 | D:1      | Reached XP level 3. HP: 22/22 MP: 3/3
   776 | D:2      | Found a glowing golden altar of the Shining One.
  1296 | D:2      | Identified the +6 tower shield "Fucvut" {Int+7 Dex-2}
  1301 | D:2      | Reached XP level 4. HP: 27/27 MP: 4/4
  1474 | D:3      | Noticed Grinder
  1479 | D:3      | Killed Grinder
  1480 | D:3      | Reached skill level 6 in Stealth
  1480 | D:3      | Reached XP level 5. HP: 32/32 MP: 5/5
  1480 | D:3      | Reached XP level 6. HP: 37/37 MP: 6/6
  1481 | D:3      | Identified the +9 dagger of Fuaggolon {freeze, Drain rC+
                  | Will+ rCorr}
  1487 | D:3      | Upgraded the game from 0.30-a0-1074-g5db6f66fbb to
                  | 0.30-a0-1075-gcd70e7a56d
  1640 | D:3      | Noticed Ijyb
  1681 | D:3      | Found a shadowy altar of Dithmenos.
  2325 | D:3      | Killed Ijyb
  2417 | D:4      | Noticed Eustachio
  2468 | D:4      | Reached XP level 7. HP: 31/42 MP: 7/7
  2691 | D:5      | Entered Level 5 of the Dungeon
  2745 | D:4      | Found a shimmering blue altar of Sif Muna.
  2748 | D:4      | Found an iron altar of Okawaru.
  2752 | D:4      | Found a sparkling altar of Nemelex Xobeh.
  2757 | D:4      | Found a sacrificial altar of Ru.
  2761 | D:4      | Found a basalt altar of Yredelemnul.
  2876 | D:4      | Killed Eustachio
  2877 | D:4      | Reached skill level 5 in Short Blades
  2877 | D:4      | Reached skill level 7 in Stealth
  2879 | D:4      | Reached skill level 1 in Shields
  3005 | D:5      | Reached XP level 8. HP: 48/48 MP: 8/8
  3319 | D:5      | Reached skill level 5 in Dodging
  3333 | D:5      | Reached skill level 5 in Fighting
  3333 | D:5      | Reached skill level 8 in Stealth
  3740 | D:6      | Found a staircase to the Ecumenical Temple.
  3747 | Temple   | Entered the Ecumenical Temple
  3772 | Temple   | Became a worshipper of the Wu Jian Council
  4188 | D:6      | Reached XP level 9. HP: 22/55 MP: 9/9
  4220 | D:6      | Learned a level 3 spell: Teleport Other
  4443 | D:7      | Noticed a hornet
  4445 | D:7      | Killed a hornet
  4446 | D:7      | Reached skill level 9 in Stealth
  4446 | D:7      | Reached skill level 1 in Translocations
  4484 | D:6      | Found Riots's Jewellery Shoppe.
  5282 | D:7      | Reached skill level 10 in Stealth
  5299 | D:8      | Found Qoumeq's Jewellery Boutique.
  5349 | D:7      | You fall into a shaft and drop 2 floors!
  5354 | D:8      | Found Omiugoqi's Antique Armour Shoppe.
  5357 | D:8      | Bought a ripped robe for 165 gold pieces
  5357 | D:8      | Identified the +1 robe of Zerajioliwn {rCorr} (You bought
                  | it in a shop on level 8 of the Dungeon)
  5420 | D:7      | Reached * piety under Wu Jian
  5421 | D:7      | Reached XP level 10. HP: 35/60 MP: 10/10
  5979 | D:8      | Reached skill level 5 in Shields
  6083 | D:8      | Reached skill level 10 in Short Blades
  6602 | D:6      | Bought a ring of see invisible for 150 gold pieces
  6740 | D:9      | Reached skill level 1 in Armour
  7082 | D:9      | Found a transporter.
  7097 | D:9      | Found a transporter.
  7354 | D:10     | Entered Level 10 of the Dungeon
  7449 | D:9      | Noticed a kobold demonologist
  7452 | D:9      | Killed a kobold demonologist
  7490 | D:9      | Found a staircase to the Orcish Mines.
  7497 | Orc:1    | Entered Level 1 of the Orcish Mines
  7539 | D:9      | Reached ** piety under Wu Jian
  7629 | D:9      | Reached XP level 11. HP: 54/64 MP: 11/11
  7808 | Orc:2    | Entered Level 2 of the Orcish Mines
  7918 | D:9      | Learned a level 1 spell: Apportation
  8235 | D:6      | Bought the ring of Qazlal's Pride {rCorr Slay+5} for 480
                  | gold pieces
  8321 | D:8      | Reached skill level 1 in Spellcasting
  8861 | D:10     | Found a blossoming altar of Fedhas.
  9021 | D:10     | Reached *** piety under Wu Jian
  9025 | D:10     | Reached skill level 11 in Stealth
  9101 | D:11     | Noticed Maurice
  9894 | D:11     | Killed Maurice
  9926 | D:11     | Noticed Nergalle
  9929 | D:11     | Killed Nergalle
 10051 | D:11     | Noticed a two-headed ogre
 10053 | D:11     | Noticed Psyche
 10054 | D:11     | Killed a two-headed ogre
 10056 | D:11     | Found a runed translucent gate.
 10058 | D:11     | Killed Psyche
 10059 | D:11     | Reached XP level 12. HP: 71/71 MP: 15/15
 10059 | D:11     | Found a runed translucent gate.
 10062 | D:11     | Found a runed translucent gate.
 10244 | D:11     | Reached **** piety under Wu Jian
 10584 | D:11     | Reached skill level 12 in Stealth
 10584 | D:11     | Reached skill level 5 in Evocations
 10587 | D:11     | Found a staircase to the Lair.
 10934 | D:12     | Noticed a boulder beetle
 10956 | D:12     | Noticed a two-headed ogre
 10959 | D:12     | Killed a boulder beetle
 10962 | D:12     | Killed a two-headed ogre
 11289 | D:12     | Noticed a two-headed ogre
 11292 | D:12     | Killed a two-headed ogre
 11293 | D:12     | Reached skill level 13 in Stealth
 11603 | Lair:1   | Entered Level 1 of the Lair of Beasts
 11710 | Lair:1   | Identified the +6 dagger "Hell-Harrower" {drain, Dex+4}
 11787 | Lair:1   | Reached XP level 13. HP: 79/79 MP: 16/16
 11834 | Lair:1   | Reached ***** piety under Wu Jian
 11950 | Lair:1   | Reached skill level 10 in Shields
 12230 | Lair:2   | Reached skill level 14 in Stealth
 12866 | Lair:2   | Noticed a four-headed hydra
 12869 | Lair:2   | Killed a four-headed hydra
 13005 | Lair:3   | Reached skill level 10 in Fighting
 13005 | Lair:3   | Reached skill level 10 in Dodging
 13102 | Lair:3   | Identified 2 scrolls of acquirement
 13103 | Lair:3   | Acquired a +7 quick blade of electrocution
 13105 | Lair:3   | Acquired 403 gold pieces
 13147 | Lair:3   | Found a staircase to the Snake Pit.
 13318 | Snake:1  | Entered Level 1 of the Snake Pit
 13728 | Lair:2   | Noticed an eight-headed hydra
 13731 | Lair:2   | Killed an eight-headed hydra
 13732 | Lair:2   | Reached skill level 15 in Stealth
 13733 | Lair:2   | Noticed an eight-headed hydra
 13764 | Lair:2   | Killed an eight-headed hydra
 14167 | Lair:3   | Reached skill level 16 in Stealth
 14167 | Lair:3   | Reached XP level 14. HP: 88/88 MP: 17/17
 14284 | Lair:4   | Found a gate leading to a gauntlet.
 14305 | Gauntlet | Entered a Gauntlet
 14305 | Gauntlet | Found a transporter.
 14320 | Gauntlet | Found a transporter.
 14334 | Gauntlet | Found a transporter.
 14339 | Gauntlet | Found a runed translucent door.
 14343 | Gauntlet | Noticed a quicksilver ooze
 14350 | Gauntlet | Found a transporter.
 14351 | Gauntlet | Found a runed translucent door.
 14359 | Gauntlet | Found a runed translucent gate.
 14360 | Gauntlet | Found a transporter.
 14360 | Gauntlet | Found a runed translucent gate.
 14361 | Gauntlet | Found a runed translucent gate.
 14367 | Gauntlet | Found a runed translucent door.
 14378 | Gauntlet | Found a transporter.
 14388 | Gauntlet | Found a transporter.
 14398 | Gauntlet | Found a transporter.
 14432 | Gauntlet | Found a transporter.
 14455 | Gauntlet | Found a transporter.
 14474 | Gauntlet | Found a transporter.
 14485 | Gauntlet | Found a transporter.
 14551 | Gauntlet | Found a transporter.
 14585 | Gauntlet | Identified the +2 cloak of Ammeff {rC+ Str+2}
 14621 | Gauntlet | Identified the +2 pair of boots "Guqynank" {-Tele rC++
                  | Str+8 Slay-2}
 14630 | Gauntlet | Killed a quicksilver ooze
 14694 | Gauntlet | Identified the +7 mace of Dyok {heavy, Stlth+}
 14694 | Gauntlet | Noticed a minotaur
 14723 | Gauntlet | Killed a minotaur
 14739 | Gauntlet | Got the Parchment of Transforming Poisoning
 14794 | Lair:4   | Reached skill level 17 in Stealth
 14810 | Lair:5   | Entered Level 5 of the Lair of Beasts
 14811 | Lair:5   | Found a viscous altar of Jiyva.
 14812 | Lair:5   | Found a staircase to the Slime Pits.
 15246 | Lair:4   | Reached skill level 18 in Stealth
 15570 | Lair:5   | Reached skill level 19 in Stealth
 16174 | Lair:5   | Reached skill level 20 in Stealth
 16364 | Lair:5   | Reached ****** piety under Wu Jian
 16506 | Lair:5   | Noticed a dire elephant
 16510 | Lair:5   | Killed a dire elephant
 16613 | Lair:5   | Found a burning altar of Makhleb.
 16739 | Lair:5   | Reached skill level 21 in Stealth
 16780 | Lair:5   | Found a gateway to Hell.
 17173 | Orc:2    | Found a radiant altar of Vehumet.
 17176 | Orc:2    | Reached XP level 15. HP: 75/78 MP: 18/18
 17236 | Orc:2    | Found a staircase to the Elven Halls.
 17249 | Elf:1    | Entered Level 1 of the Elven Halls
 17279 | Orc:2    | Noticed Urug
 17282 | Orc:2    | Killed Urug
 17480 | Orc:1    | Noticed Fannar
 17483 | Orc:1    | Killed Fannar
 17565 | Orc:1    | Reached skill level 22 in Stealth
 17625 | Orc:1    | Found Mumynu's Distillery.
 17630 | Orc:1    | Bought a potion of heal wounds for 90 gold pieces
 17630 | Orc:1    | Bought a potion of heal wounds for 90 gold pieces
 17630 | Orc:1    | Bought a potion of invisibility for 144 gold pieces
 17630 | Orc:1    | Bought a potion of flight for 54 gold pieces
 17630 | Orc:1    | Bought a potion of mutation for 144 gold pieces
 17829 | Orc:2    | Found Gepla's Antique Weapon Shop.
 17867 | Orc:2    | Found a radiant altar of Vehumet.
 17947 | Orc:2    | Found an ancient bone altar of Kikubaaqudgha.
 17977 | Orc:2    | Found Xapela's Distillery.
 17982 | Orc:2    | Bought a potion of cancellation for 128 gold pieces
 17982 | Orc:2    | Bought a potion of attraction for 48 gold pieces
 17982 | Orc:2    | Bought a potion of might for 64 gold pieces
 17982 | Orc:2    | Bought a potion of heal wounds for 80 gold pieces
 18143 | Orc:2    | Found Zeclut's Book Shop.
 18149 | Orc:2    | Found Pesafug's Antique Armour Shop.
 18158 | Orc:2    | Bought a smoking scarf for 320 gold pieces
 18158 | Orc:2    | Identified the scarf of the Furies {shadows, rF+ Stlth+}
                  | (You bought it in a shop on level 2 of the Orcish Mines)
 19436 | D:14     | Noticed Jorgrun
 19438 | D:14     | Killed Jorgrun
 19836 | D:14     | Reached XP level 16. HP: 85/101 MP: 19/19
 20207 | D:14     | Found a gate to the Vaults.
 20238 | D:15     | Entered Level 15 of the Dungeon
 20440 | D:15     | Upgraded the game from 0.30-a0-1075-gcd70e7a56d to
                  | 0.30-a0-1082-g70414cbcbb
 21541 | D:15     | Found a staircase to the Depths.
 21541 | D:15     | Noticed a fire giant
 21543 | D:15     | Killed a fire giant
 21898 | Depths:1 | Entered Level 1 of the Depths
 21928 | Depths:1 | Noticed a quicksilver dragon
 21944 | Depths:1 | Killed a quicksilver dragon
 22082 | Depths:1 | Found Kafeb's Antique Weapon Shop.
 22097 | Depths:1 | Found a glowing golden altar of the Shining One.
 22145 | Depths:1 | Noticed a fire giant
 22158 | Depths:1 | Killed a fire giant
 22163 | Depths:1 | Slain by a hell beast

Illustrated notes

Levels and vault maps discovered:
D:1:      dpeg_arrival_lava_altar, layout_basic
D:2:      layout_loops_ring, basic_altar, minmay_pentomino_pile
D:3:      layout_basic, nicolae_overflow_crystal_walls, uniq_ijyb, uniq_grinder
D:4:      kennysheep_the_goblin_king, layout_cave_pools,
          nicolae_overflow_hallway_of_the_gods, grunt_tough_drop, uniq_eustachio
D:5:      layout_cave_pools, serial_column_ruins, column_ruins_circle_medium,
          column_ruins_square_medium, column_ruins_open_tiny,
          column_ruins_columns_corner, column_ruins_columns_dead_end,
          column_ruins_columns_straight
D:6:      layout_basic, minmay_temple_entry_wispy, serial_shops,
          nicolae_square_shop
D:7:      layout_layer_cave, dreamdust_princess_corridor
D:8:      layout_rooms, serial_shops, shop, nicolae_stop_n_shop_1
D:9:      layout_stronghold, orc_0_dummy, gammafunk_ghost_stat_death,
          eino_small_chamber_without_monster, grunt_ministairs_14
D:10:     layout_grid_maze, amcnicky_altar_gilded
D:11:     layout_roguey [special_room_orc], hellmonk_lair_entry_icy,
          gammafunk_ghost_spectres, minmay_variable_closet, uniq_maurice,
          uniq_nergalle, uniq_psyche
D:12:     layout_long_grid, st_stairs_1, nicolae_water_bricks,
          hangedman_glass_teeth
D:13:     layout_cave_pods
D:14:     layout_basic, david_vaults_2, kennysheep_cross_bottleneck,
          uniq_jorgrun
D:15:     grunt_enter_depths_giant_problem, layout_grid_maze,
          chequers_serial_rivers_small_a
Temple:   nicolae_temple_no_exploring_needed
Lair:1:   layout_cave_pods
Lair:2:   layout_cellular_growth, palyth_hydra_swamp_entry, beast_lair_carwin_5
Lair:3:   layout_chaotic_city, nicolae_snake_entry_squirm
Lair:4:   layout_gridlike, gauntlet_entry_generic
Lair:5:   evil_forest, layout_regular_city, slime_entry_1
Snake:1:  layout_rooms, serial_bayou_lake_a, grunt_megastairs_5, uniq_aizul
Orc:1:    layout_caves, serial_shops, shop_statue, uniq_fannar
Orc:2:    kennysheep_orc_mage_school, layout_caves, basic_altar, uniq_urug
Elf:1:    nicolae_elf_arrival_fired_up, layout_geoelf_octagon,
          hangedman_elf_represent
Depths:1: layout_gridlike, enter_ziggurat_e, serial_shops, shop,
          grunt_mini_vestibule, dk_noncrumbling_3,
          chequers_serial_rivers_small_a, nicolae_tso_swordbearing_angel
Depths:2: evilmike_lava_path, layout_cave_pools, abyss_entry,
          grunt_decor_arrowhead, nicolae_trove_entry_crossroad,
          rand_demon_pan_entry_5, hangedman_coc_ice_floe, infiniplex_staircase_x

Skill      XL: |  1  2  3  4  5  6  7  8  9 10 11 12 13 14 15 16 |
---------------+-------------------------------------------------+-----
Short Blades   | 3 4 5 6 8 10 | 10.0
Dodging        | 2 3 4 5 6 8 10 12 13 | 13.6
Fighting       | 3 4 5 6 8 10 12 13 | 13.1
Stealth        | 6 7 8 10 11 13 16 21 22 | 22.9
Evocations     | 2 3 4 5 8 9 |  9.8
Shields        | 1 2 4 7 9 10 | 10.0
Throwing       | 3 |  3.0
Translocations | 1 3 |  3.0
Armour         | 3 |  3.0
Spellcasting   | 2 |  2.0

Action                     |  1- 3 |  4- 6 |  7- 9 | 10-12 | 13-15 | 16-18 || total
---------------------------+-------+-------+-------+-------+-------+-------++-------
  Melee: Dagger            |    73 |    50 |   233 |   549 |   555 |       ||  1460
         Punch             |       |     1 |       |       |       |       ||     1
         Quick blade       |       |       |       |       |   337 |   170 ||   507
  Throw: Dart              |     2 |       |       |     7 |    11 |       ||    20
         Throwing net      |       |       |       |     1 |       |       ||     1
 Invoke: Serpent's Lash    |       |       |       |     1 |     4 |     1 ||     6
Ability: Lunge             |       |       |    15 |    81 |   119 |    19 ||   234
         Whirlwind         |       |       |       |    91 |    90 |    11 ||   192
         Wall Jump         |       |       |       |       |     3 |     3 ||     6
  Evoke: Wand              |       |       |     2 |     3 |       |       ||     5
    Use: Scroll            |       |       |     9 |     5 |    18 |       ||    32
         Potion            |       |       |     2 |     1 |     1 |       ||     4
   Stab: Sleeping          |    17 |    14 |    24 |    64 |    96 |    28 ||   243
         Distracted        |     2 |       |     2 |     4 |    12 |     1 ||    21
         Held in net/web   |       |       |       |     1 |       |       ||     1
         Paralysed         |       |       |       |     1 |       |       ||     1
 Armour: Robe              |     8 |     7 |    14 |     1 |       |       ||    30
         Leather armour    |       |       |    27 |       |       |       ||    27
         Steam dragon scal |       |       |       |    31 |    58 |     9 ||    98
  Dodge: Dodged            |    31 |    16 |   134 |   113 |   231 |    34 ||   559
  Block: Buckler           |       |       |    20 |     2 |       |       ||    22
         Kite shield       |       |       |       |   158 |   311 |    45 ||   514

Table legend: (Time is in decaauts)
 A = Elapsed time spent in this place.
 B = Non-inter-level travel time spent in this place.
 C = Inter-level travel time spent in this place.
 D = Time resting spent in this place.
 E = Time spent auto-exploring this place.
 F = Levels seen in this place.
 G = Mean time per level.
                   A        B        C        D        E       F      G
               +--------+--------+--------+--------+--------+-----+--------+
         Total |  21770 |  16968 |   4802 |    218 |    147 |  28 |  777.5 |
       Dungeon |  14913 |  11005 |   3908 |     63 |     60 |  15 |  994.2 |
        Temple |     32 |     26 |      6 |      0 |      0 |   1 |   32.0 |
          Lair |   4791 |   4073 |    718 |    100 |     87 |   5 |  958.2 |
     Snake Pit |      3 |      3 |      0 |      0 |      0 |   1 |    3.0 |
  Orcish Mines |   1311 |   1172 |    139 |      5 |      0 |   2 |  655.5 |
   Elven Halls |     18 |     18 |      0 |      0 |      0 |   1 |   18.0 |
        Depths |    237 |    207 |     30 |      0 |      0 |   2 |  118.5 |
      Gauntlet |    461 |    461 |      0 |     50 |      0 |   1 |  461.0 |
               +--------+--------+--------+--------+--------+-----+--------+

Top non-repeatable levels by time:
    D:10: 1466 daAuts
     D:9: 1463 daAuts
    D:15: 1450 daAuts
  Lair:5: 1261 daAuts
     D:6: 1173 daAuts
     D:7: 1137 daAuts
    D:14: 1008 daAuts
    D:13: 960 daAuts
    D:12: 950 daAuts
    D:11: 939 daAuts
  Lair:1: 923 daAuts
  Lair:2: 906 daAuts
  Lair:3: 881 daAuts
     D:3: 881 daAuts
   Orc:2: 859 daAuts
